 Dungeon Crawl Stone Soup version 0.29-a0-923-g6e406bff71 (webtiles) character file.

Game seed: 6164426649994153774

667 Newt the Chopper (level 7, -12/58 HPs)
             Began as a Palentonga Fighter on July 27, 2022.
             Killed by a stone arrow (26 damage)
             ... invoked by the wrath of Vehumet
             ... on level 6 of the Dungeon.
             The game lasted 00:08:53 (3625 turns).

Newt the Chopper (Palentonga Fighter)               Turns: 3625, Time: 00:08:54

Health: -12/58     AC:  7    Str: 20    XL:     7   Next: 31%
Magic:  7/7        EV:  5    Int:  8    God:
Gold:   43         SH: 12    Dex: 11    Spells: 6/6 levels left

rFire   . . .      SeeInvis +   q - +0 war axe (elec)
rCold   . . .      Faith    .   i - +0 tower shield
rNeg    . . .      Spirit   .   b - +0 scale mail
rPois   .          Reflect  .   (no helmet)
rElec   .          Harm     .   (no cloak)
rCorr   .          Rampage  .   (no gloves)
Will    .....                   (no barding)
Stlth   ..........              (no amulet)
HPRegen 0.19/turn               (no ring)
MPRegen 0.10/turn               (no ring)

@: no status effects
A: large, rugged brown scales 3, see invisible, deformed body, roll 1, armoured
tail, reflexive curl
a: Rolling Charge


You were on level 6 of the Dungeon.
You visited 1 branch of the dungeon, and saw 5 of its levels.

You collected 160 gold pieces.
You spent 117 gold pieces at shops.

Inventory:

Hand Weapons
 a - a +0 war axe
 q - a +0 war axe of electrocution (weapon)
Missiles
 j - a throwing net
Armour
 b - a +0 scale mail (worn)
 c - a +0 buckler
 i - a +0 tower shield (worn)
Wands
 e - a wand of roots (10)
Scrolls
 d - a scroll of identify
 h - a scroll of silence {unknown}
 k - 2 scrolls of teleportation
 o - 2 scrolls of fear
Potions
 f - 5 potions of degeneration
 l - a potion of mutation {unknown}
 m - a potion of lignification
 n - a potion of invisibility
 p - a potion of berserk rage
 r - 2 potions of brilliance {unknown}


   Skills:
 + Level 4.6 Fighting
 * Level 5.1 Axes
 + Level 3.7 Armour
 + Level 1.1 Dodging
 + Level 0.5 Stealth
 + Level 4.1 Shields


You had 6 spell levels left.
You didn't know any spells.
Your spell library contained the following spells:

 Spells                   Type           Power      Damage    Failure   Level
 Magic Dart               Conj           0%         1d3       100%        1
 Searing Ray              Conj           0%         2d4       100%        2
 Fulminant Prism          Conj/Hex       0%         3d6       100%        4


Dungeon Overview and Level Annotations

Branches:
Dungeon (6/15)
 Temple: D:4-7

Altars:
Vehumet

Shops:
D:3 *   D:6 [


Innate Abilities, Weirdness & Mutations

You are completely covered in rugged brown scales. (AC +3, +7% HP)
You have supernaturally acute eyesight. (SInv)
Armour fits poorly on your strangely shaped body.
You can roll at nearby foes to attack.
You have a long armoured tail.
You curl defensively after being hit. (AC +7*)


Message History

A bullfrog comes into view.
Found an escape hatch in the ceiling.
You start resting.
A bullfrog is nearby!
You block the bullfrog's attack.
You slash the bullfrog!
Your tail-slap misses the bullfrog.
The bullfrog is moderately wounded.
You block the bullfrog's attack. The bullfrog hits you.
You barely miss the bullfrog.
The bullfrog is moderately wounded.
The bullfrog barely misses you. The bullfrog hits you.
* * * LOW HITPOINT WARNING * * *
You barely miss the bullfrog. You tail-slap the bullfrog.
The bullfrog is heavily wounded.
The bullfrog barely misses you. The bullfrog hits you.
* * * LOW HITPOINT WARNING * * *
You block the bullfrog's attack.
You closely miss the bullfrog.
Your tail-slap misses the bullfrog.
The bullfrog is heavily wounded.
You block the bullfrog's attack. The bullfrog hits you.
* * * LOW HITPOINT WARNING * * *
You slash the bullfrog!
The bullfrog is almost dead.
You block the bullfrog's attack. The bullfrog hits you.
* * * LOW HITPOINT WARNING * * *
The bullfrog barely misses you.
Okay, then.
Okay, then.
You completely miss the bullfrog.
The bullfrog is almost dead.
The bullfrog hits you.
* * * LOW HITPOINT WARNING * * *
You block the bullfrog's attack.
You hit the bullfrog.
You kill the bullfrog!
Your Axes skill increases to level 5!
You start resting.
Vehumet rains destruction down upon you!
The stone arrow hits you!!
You die...

#.##
....
#..#
#F.#
#..#
#..#
#).#
#..#####
#..†@..#
#.####.#
#. .# #.
.# #. .#
#. .. #.
.< ..


You could see the wrath of Vehumet (unaware).

Vanquished Creatures
  Grinder (D:3)
  Eustachio (D:5)
  A bullfrog (D:6)
  A scorpion (D:6)
  Natasha (D:3)
  An orc wizard (D:3)
  6 gnolls
  2 adders
  4 dart slugs
  5 orcs
  3 ball pythons
  4 endoplasms
  3 giant cockroaches
  9 goblins
  11 hobgoblins
  2 jackals (D:2)
  3 quokkas
  6 bats
  4 frilled lizards
  6 kobolds
  2 rats
76 creatures vanquished.

Notes
Turn   | Place    | Note
-------+----------+-------------------------------------------
     0 | D:1      | Newt the Palentonga Fighter began the quest for the Orb.
     0 | D:1      | Reached XP level 1. HP: 19/19 MP: 1/1
   272 | D:1      | Reached XP level 2. HP: 18/25 MP: 2/2
   881 | D:1      | Found a faded altar of an unknown god.
   891 | D:1      | Prayed at the altar of an unknown god.
   891 | D:1      | Became a worshipper of Vehumet
   891 | D:1      | Reached * piety under Vehumet
   891 | D:1      | Offered knowledge of Shock by Vehumet.
   893 | D:1      | Fell from the grace of Vehumet
   988 | D:1      | Reached XP level 3. HP: 12/31 MP: 3/3
  2171 | D:2      | Reached XP level 4. HP: 34/37 MP: 4/4
  2606 | D:3      | Found Yggofeaz's General Store.
  2619 | D:3      | Bought a +0 war axe of electrocution for 117 gold pieces
  2778 | D:3      | Noticed Grinder
  2781 | D:3      | Paralysed by Grinder for 2 turns
  2786 | D:3      | Paralysed by Grinder for 3 turns
  2789 | D:3      | Killed Grinder
  2790 | D:3      | Reached skill level 3 in Axes
  2790 | D:3      | Reached XP level 5. HP: 19/44 MP: 5/5
  2790 | D:3      | Reached XP level 6. HP: 22/51 MP: 6/6
  3187 | D:3      | Noticed Natasha
  3190 | D:3      | Killed Natasha
  3191 | D:3      | Reached skill level 4 in Axes
  3198 | D:3      | You fall into a shaft and drop 2 floors!
  3198 | D:5      | Entered Level 5 of the Dungeon
  3340 | D:5      | Noticed Eustachio
  3350 | D:5      | Killed Eustachio
  3351 | D:5      | Reached skill level 1 in Dodging
  3351 | D:5      | Gained mutation: You curl defensively after being hit. (AC
                  | +7*) [Palentonga growth]
  3351 | D:5      | Reached XP level 7. HP: 48/58 MP: 7/7
  3468 | D:6      | Found Iskuela's Armour Boutique.
  3575 | D:6      | Reached skill level 5 in Axes
  3625 | D:6      | Killed by a stone arrow

Illustrated notes

Levels and vault maps discovered:
D:1:      dpeg_arrival_pits, layout_loops_ring,
          ebering_ecumenical_altar_sacrificial
D:2:      layout_basic
D:3:      layout_rooms, serial_shops, shop, serial_glass, glass_columns_b,
          glass_columns_b, minmay_goblin_kobold_house, uniq_grinder,
          uniq_natasha
D:5:      layout_loops_ring, nicolae_alphabet_shops, nrook_loot_triangle,
          water_maze_lemuel, uniq_eustachio
D:6:      layout_loops_ring, serial_shops, shop, uniq_maggie, uniq_sigmund

Skill      XL: |  1  2  3  4  5  6  7 |
---------------+----------------------+-----
Shields        | 3 4 |  4.1
Armour         | 3 |  3.7
Fighting       | 4 |  4.6
Axes           | 3 4 5 |  5.1
Dodging        | 1 |  1.1
Stealth        | |  0.5

Action                   |  1- 3 |  4- 6 |  7- 9 || total
-------------------------+-------+-------+-------++-------
Melee: War axe           |   131 |    94 |    23 ||   248
       Tailslap          |     8 |    10 |     3 ||    21
Invok: Renounce Religion |     1 |       |       ||     1
 Abil: Rolling Charge    |       |     3 |       ||     3
  Use: Scroll            |       |     8 |     1 ||     9
       Potion            |       |     1 |     1 ||     2
Armor: Scale mail        |    84 |    42 |     7 ||   133
Dodge: Dodged            |    44 |    12 |     6 ||    62
Block: Buckler           |    17 |       |       ||    17
       Tower shield      |    37 |    61 |    30 ||   128

Table legend: (Time is in decaauts)
 A = Elapsed time spent in this place.
 B = Non-inter-level travel time spent in this place.
 C = Inter-level travel time spent in this place.
 D = Time resting spent in this place.
 E = Time spent auto-exploring this place.
 F = Levels seen in this place.
 G = Mean time per level.
                   A        B        C        D        E       F      G
               +--------+--------+--------+--------+--------+-----+--------+
         Total |   3767 |   3742 |     25 |    766 |   2228 |   5 |  753.4 |
       Dungeon |   3767 |   3742 |     25 |    766 |   2228 |   5 |  753.4 |
               +--------+--------+--------+--------+--------+-----+--------+

Top non-repeatable levels by time:
     D:1: 1475 daAuts
     D:3: 935 daAuts
     D:2: 906 daAuts
     D:5: 279 daAuts
     D:6: 172 daAuts
